 Dungeon Crawl Stone Soup version 0.19-a0 (webtiles) character file.

214 manas the Shield-Bearer (level 5, 0/33 HPs)
             Began as a Gargoyle Fighter on Apr 27, 2016.
             Slain by an orc
             ... wielding a +0 flail
              (3 damage)
             ... on level 4 of the Dungeon.
             The game lasted 00:30:52 (6378 turns).

manas the Shield-Bearer (Gargoyle Fighter)          Turns: 6378, Time: 00:30:53

Health: 0/33       AC: 11    Str: 20    XL:     5   Next: 91%
Magic:  5/5        EV:  8    Int:  9    God:
Gold:   213        SH:  9    Dex:  9    Spells: 0 memorised, 4 levels left

rFire  . . .     SeeInvis .     a - +0 long sword
rCold  . . .     Gourm    .     b - +0 scale mail
rNeg   + . .     Faith    .     i - +0 shield
rPois  ∞         Spirit   .     (no helmet)
rElec  +         Dismiss  .     (no cloak)
rCorr  .         Reflect  .     (no gloves)
SustAt .         Harm     .     (no boots)
MR     .....     Rnd*Tele +     (no amulet)
Stlth  ..........               k - ring of poison resistance
                                e - ring of teleportation (curse)

@: not resistant to hostile enchantments, extremely unstealthy
A: negative energy resistance 1, electricity resistance, unbreathing,
petrification resistance, rot immunity, AC +4
a: no special abilities


You were on level 4 of the Dungeon.
You were hungry.

You visited 1 branch of the dungeon, and saw 4 of its levels.

You collected 213 gold pieces.

Inventory:

Hand Weapons
 a - a +0 long sword (weapon)
Armour
 b - a +0 scale mail (worn)
 c - a +0 shield
 i - a +0 shield (worn)
Jewellery
 e - a cursed ring of teleportation (left hand)
 k - a ring of poison resistance (right hand)
 p - an uncursed ring of protection from magic {unknown}
Scrolls
 h - 3 scrolls of teleportation {unknown}
 j - a scroll of amnesia {unknown}
 m - 3 scrolls of remove curse {unknown}
 n - a scroll of magic mapping {unknown}
 o - a scroll of identify {unknown}
 q - a scroll of enchant armour {unknown}
Potions
 d - 3 potions of might
 f - a potion of haste {unknown}
 g - 2 potions of curing {unknown}
 l - 2 potions of invisibility {unknown}
Comestibles
 r - 2 fruits
 s - a bread ration


   Skills:
 + Level 3.7 Fighting
 + Level 2.4 Long Blades
 + Level 4.3 Armour
 + Level 1.9 Dodging
 + Level 0.5 Stealth
 + Level 4.8 Shields


You had 4 spell levels left.
You didn't know any spells.

Dungeon Overview and Level Annotations

Branches:
Dungeon (4/15)
 Temple: D:4-7

Altars:
Elyvilon
Xom


Innate Abilities, Weirdness & Mutations

You are resistant to torment.
Your stone body is resilient (AC +4).
You are immune to poison.
You resist negative energy.
You are resistant to electric shocks.
You can survive without breathing.
You are immune to petrification.
You are immune to rotting.


Message History

You hear the slow rusting of a very distant drain.
The centaur skeleton hits you but does no damage.
The orc closely misses you.
The centaur skeleton hits you but does no damage.
You hit the orc but do no damage.
The orc is heavily wounded.
You are feeling hungry.
You block the centaur skeleton's attack.
You block the orc's attack.
You closely miss the orc.
The orc is heavily wounded.
You block the centaur skeleton's attack.
The orc hits you with a flail.
* * * LOW HITPOINT WARNING * * *
You block the centaur skeleton's attack.
You closely miss the orc.
The orc is heavily wounded.
You block the centaur skeleton's attack.
The orc hits you with a flail.
You die...

≈≈≈≈§§§≈≈≈....#
##..§.........#
#.............#
#...##.)###...#
# #.)###...#
#...[....#
#........#
#....#...#
#@%### ###
#oZ.# #...#
#.†.# #...#
#.....##
#######


You could see an orc and a centaur skeleton.

Vanquished Creatures
  Ijyb (D:3)
  An orc wizard (D:4)
  A gnoll (D:1)
  3 adders
  2 worms
  3 dart slugs
  3 giant geckos
  12 orcs
  13 bats
  4 giant cockroaches
  12 goblins
  8 hobgoblins
  10 jackals
  A quokka (D:2)
  3 giant newts
  12 kobolds
  5 rats
  10 plants (D:1)
104 creatures vanquished.

Notes
Turn   | Place    | Note
--------------------------------------------------------------
     0 | D:1      | manas the Gargoyle Fighter began the quest for the Orb.
     0 | D:1      | Reached XP level 1. HP: 14/14 MP: 1/1
   388 | D:1      | Reached XP level 2. HP: 19/19 MP: 2/2
  1090 | D:1      | Reached XP level 3. HP: 5/23 MP: 3/3
  2941 | D:2      | Reached XP level 4. HP: 28/28 MP: 4/4
  3015 | D:2      | Reached skill level 1 in Dodging
  3611 | D:2      | Found a shimmering altar of Xom.
  4111 | D:2      | Found a white marble altar of Elyvilon.
  4753 | D:3      | Noticed Ijyb
  4769 | D:3      | Killed Ijyb
  4769 | D:3      | Reached XP level 5. HP: 26/32 MP: 5/5
  6378 | D:4      | Slain by an orc

Vault maps used:
D:1:      minmay_arrival_plants_in_alcoves, minmay_misc_feat_square,
          minmay_misc_feat_hallway
D:2:      marbit_many_paths, lemuel_doored_altar
D:3:      first_bread, uniq_iyjb
D:4:      kennysheep_spiral_hall, lightli_temple_of_fire, gup_sewer_entry_pipe,
          uniq_robin

Skill      XL: |  1  2  3  4 |
---------------+-------------+-----
Shields        | 4 |  4.8
Long Blades    | 2 |  2.4
Dodging        | 1 |  1.9
Armour         | 4 |  4.3
Fighting       | |  3.7
Stealth        | |  0.5

Action                   |  1- 3 |  4- 6 || total
-------------------------+-------+-------++-------
Melee: Long sword        |   420 |   262 ||   682
  Eat: Bread ration      |     2 |     1 ||     3
       Chunk             |     1 |     2 ||     3
       Fruit             |       |     1 ||     1
       Beef jerky        |       |     1 ||     1
Armor: Scale mail        |   168 |   203 ||   371
Dodge: Dodged            |   112 |   133 ||   245
Block: Shield            |   158 |   203 ||   361
